 Dungeon Crawl Stone Soup version 0.18.1-48-g4cf74bf (webtiles) character file.

2868 Gargoyl the Protected (level 9, -3/69 HPs)
             Began as a Demonspawn Abyssal Knight on Aug 15, 2016.
             Was an Elder of Lugonu.
             Killed by divine providence
             ... invoked by an orc priest
              (16 damage)
             ... on level 7 of the Dungeon.
             The game lasted 00:25:45 (10080 turns).

Gargoyl the Protected (Demonspawn Abyssal Knight)  Turns: 10080, Time: 00:25:46

Health: -3/69      AC: 19    Str: 20    XL:     9   Next: 47%
Magic:  11/11      EV: 14    Int: 14    God:    Lugonu [****..]
Gold:   351        SH:  0    Dex: 20    Spells: 0 memorised, 8 levels left

rFire  + . .     SeeInvis .     x - +1 war axe
rCold  . . .     Gourm    .     G - +0 plate armour
rNeg   . . .     Faith    .     (no shield)
rPois  +         Spirit   .     (no helmet)
rElec  .         Dismiss  .     (no cloak)
rCorr  .         Reflect  .     j - +0 pair of gloves
SustAt .         Harm     .     m - +0 pair of boots
MR     .....                    t - amulet of magic regeneration
Stlth  ..........               g - ring of poison resistance
                                a - +2 ring of dexterity

@: mighty, agile, not resistant to hostile enchantments, extremely unstealthy
A: claws 1, thin metallic scales 2, fire resistance 1, powered by pain 2
a: Depart the Abyss, Bend Space, Banish, Corrupt, Renounce Religion


You were on level 7 of the Dungeon.
You worshipped Lugonu.
Lugonu was greatly pleased with you.
You were not hungry.

You visited 1 branch of the dungeon, and saw 7 of its levels.
You visited the Abyss 1 time.

You collected 351 gold pieces.

Inventory:

Hand Weapons
 q - a +0 blowgun
 x - a +1 war axe (weapon)
Missiles
 o - 13 javelins (quivered)
 s - 8 tomahawks
 y - 29 poisoned needles
Armour
 j - a +0 pair of gloves (worn)
 m - a +0 pair of boots (worn)
 G - a +0 plate armour (worn)
Jewellery
 a - a +2 ring of dexterity (left hand)
 e - an uncursed ring of resist corrosion
 g - a ring of poison resistance (right hand)
 t - an amulet of magic regeneration (around neck)
Wands
 c - a wand of paralysis (7/24)
 d - a wand of flame (8/48)
 i - a wand of slowing (40/48)
 n - a wand of flame (24/48)
 D - a wand of acid (4/15)
Scrolls
 f - 6 scrolls of teleportation
 h - 3 scrolls of identify
 k - 2 scrolls of blinking
 l - 4 scrolls of remove curse
 p - 3 scrolls of magic mapping
 v - 2 scrolls of fear
Potions
 b - a potion of cure mutation
 w - a potion of flight
 z - a potion of curing
 E - 2 potions of heal wounds
Books
 r - a book of the Dragon

   Spells                             Type                      Level
   a - Flame Tongue                   Conjuration/Fire             1
   b - Cause Fear                     Hexes                        4
   c - Bolt of Fire                   Conjuration/Fire             6
   d - Dragon Form                    Transmutation                7
   e - Dragon's Call                  Summoning                    9
Comestibles
 u - 2 fruits
 A - a bread ration
 B - a chunk of flesh
 C - 2 meat rations


   Skills:
 + Level 5.8 Fighting
 + Level 4.9 Axes
 + Level 0.6 Throwing
 * Level 8.6 Armour
 + Level 5.2 Dodging
 + Level 0.2 Stealth
 + Level 2.8 Invocations
 + Level 0.2 Evocations


You had 8 spell levels left.
You didn't know any spells.

Dungeon Overview and Level Annotations

Branches:
Dungeon (7/15)             Temple (0/1) D:6

Altars:
Makhleb
Nemelex Xobeh
Qazlal


Innate Abilities, Weirdness & Mutations

You have sharp fingernails.
You are mostly covered in thin metallic scales (AC +3).
Your flesh is heat resistant.
You sometimes gain power by taking damage.


Message History

Things that are here:
a dagger; an orc corpse Unknown command.
You closely miss the orc priest.
The orc priest invokes the aid of Beogh against you.
Beogh smites you!
* * * LOW HITPOINT WARNING * * *
Unknown command.
You slash the orc priest!
The orc priest is severely wounded.
The orc priest hits you but does no damage.
Unknown command.
Your plate armour prevents you from hitting the orc priest.
The orc priest is severely wounded.
The orc priest hits you but does no damage.
You slash the orc warrior!
The orc warrior is moderately wounded.
The orc priest calls down the wrath of Beogh upon you.
Beogh smites you!
You die...

....#.##.##.##.(.#.#...).........
............##...>.##รท###........
...##..#.#.###...#....###...#....
...##..#.#.###...##..............
.#####....(.##.......#####..##.##
## #...............#####.....# ##
###.###..##.#o#..).......####* .#
#...###..##.#o#......###.....#
.###....##..##.)@.....#.# #######
......_......##.).......#
...##....###..........#.#*
...###...# ##.#.###.#....#*******
...###.### #........#......,,,,,*
.......# ##.......#.......***,*
.......####*.<#####.........,**,*
....##.##.##### **#.,,,,*,***,*
..####....# *,,,,,,,* *,*


You could see an orc warrior and an orc priest.

Vanquished Creatures
  Grinder (D:3)
  Edmund (D:5)
  A water moccasin (D:7)
  2 orc warriors (D:7)
  A sky beast (D:5)
  2 ogres
  The ghost of Schimscham the Chopper, an amateur DsGl (D:3)
  2 ice beasts (D:6)
  3 centaurs
  2 giant frogs
  A scorpion (D:5)
  2 howler monkeys
  2 centaur zombies (D:5)
  3 crimson imps
  A wasp zombie (D:5)
  4 hounds
  4 orc priests
  3 giant frog skeletons (D:5)
  Ijyb (D:2)
  2 iguanas
  4 orc wizards (D:7)
  2 worker ants
  2 hound zombies
  3 howler monkey zombies (D:5)
  11 gnolls
  A howler monkey skeleton (D:5)
  9 adders
  2 shadow imps (D:7)
  2 oozes
  An adder zombie (D:5)
  An adder skeleton (D:4)
  A worm (D:4)
  5 dart slugs
  4 giant geckos
  18 orcs
  3 giant cockroaches
  12 goblins
  7 hobgoblins
  8 jackals
  6 quokkas
  3 ball pythons
  8 bats
  A giant gecko zombie (D:5)
  4 giant newts
  6 kobolds
  4 quokka skeletons
  5 rats
172 creatures vanquished.

Vanquished Creatures (others)
  A hungry ghost (D:5)
1 creature vanquished.

Grand Total: 173 creatures vanquished

Notes
Turn   | Place    | Note
--------------------------------------------------------------
     0 | Abyss:1  | Gargoyl the Demonspawn Abyssal Knight began the quest for the Orb.
     0 | Abyss:1  | Reached XP level 1. HP: 18/18 MP: 2/2
    69 | Abyss:1  | Found a corrupted altar of Lugonu.
   104 | Abyss:1  | Noticed an orange demon
   120 | D:1      | Escaped the Abyss
   270 | D:1      | Reached skill level 1 in Dodging
   287 | D:1      | Reached * piety under Lugonu
   287 | D:1      | Reached skill level 2 in Armour
   437 | D:1      | Gained mutation: You have sharp fingernails. [demonic ancestry]
   437 | D:1      | Reached XP level 2. HP: 20/24 MP: 3/3
  1367 | D:2      | Reached XP level 3. HP: 23/29 MP: 4/4
  1571 | D:2      | Noticed Ijyb
  1599 | D:2      | Killed Ijyb
  1599 | D:2      | Reached skill level 3 in Armour
  1599 | D:2      | Gained mutation: You sometimes gain a little power by taking damage. [demonic ancestry]
  1599 | D:2      | Reached XP level 4. HP: 24/35 MP: 5/5
  1699 | D:2      | Reached ** piety under Lugonu
  2438 | D:2      | Found a burning altar of Makhleb.
  2595 | D:2      | Gained mutation: Your flesh is heat resistant. [demonic ancestry]
  2595 | D:2      | Reached XP level 5. HP: 41/41 MP: 6/6
  2755 | D:3      | Noticed Schimscham's ghost (amateur DsGl)
  2776 | D:3      | Killed Schimscham's ghost
  2776 | D:3      | Reached skill level 4 in Armour
  3123 | D:3      | Gained mutation: You are partially covered in thin metallic scales (AC +2). [demonic ancestry]
  3123 | D:3      | Reached XP level 6. HP: 19/48 MP: 7/7
  3991 | D:3      | Noticed Grinder
  4016 | D:3      | Paralysed by Grinder for 7 turns
  4025 | D:3      | Killed Grinder
  4025 | D:3      | Reached skill level 5 in Armour
  4025 | D:3      | Gained mutation: You are mostly covered in thin metallic scales (AC +3). [demonic ancestry]
  4025 | D:3      | Reached XP level 7. HP: 54/54 MP: 8/8
  4557 | D:4      | Noticed an air elemental
  4561 | D:4      | Found a stormy altar of Qazlal.
  4563 | D:4      | Noticed a fire elemental
  4567 | D:4      | Noticed a water elemental
  4576 | D:4      | Noticed a hungry ghost
  4847 | D:5      | Entered Level 5 of the Dungeon
  4850 | D:5      | Reached *** piety under Lugonu
  5176 | D:5      | Reached skill level 6 in Armour
  6180 | D:5      | Reached XP level 8. HP: 37/61 MP: 9/9
  6549 | D:6      | Noticed Edmund
  6637 | D:5      | Killed Edmund
  6971 | D:5      | Reached skill level 7 in Armour
  8315 | D:6      | Reached skill level 5 in Fighting
  8449 | D:6      | Reached **** piety under Lugonu
  8526 | D:6      | Gained mutation: You sometimes gain power by taking damage. [demonic ancestry]
  8526 | D:6      | Reached XP level 9. HP: 62/68 MP: 11/11
  8756 | D:6      | Found a staircase to the Ecumenical Temple.
  8858 | D:7      | Reached skill level 8 in Armour
  9326 | D:7      | Found a sparkling altar of Nemelex Xobeh.
  9398 | D:7      | Reached skill level 5 in Dodging
 10080 | D:7      | Killed from afar by an orc priest

Skill      XL: |  1  2  3  4  5  6  7  8  9 |
---------------+----------------------------+-----
Dodging        | 1 2 3 4 5 |  5.2
Armour         | 2 3 4 5 6 7 8 |  8.6
Axes           | 2 3 4 |  4.9
Fighting       | 4 5 |  5.8
Throwing       | |  0.6
Stealth        | |  0.2
Invocations    | |  2.8
Evocations     | |  0.2

Action                   |  1- 3 |  4- 6 |  7- 9 || total
-------------------------+-------+-------+-------++-------
Melee: Hand axe          |   119 |       |       ||   119
       War axe           |       |   199 |   611 ||   810
Throw: Javelin           |       |     5 |    13 ||    18
Invok: Depart the Abyss  |     1 |       |       ||     1
       Bend Space        |       |       |     1 ||     1
       Banish            |       |       |     1 ||     1
Evoke: Wand              |       |       |     6 ||     6
  Use: Scroll            |     1 |       |    15 ||    16
       Potion            |       |     6 |     6 ||    12
  Eat: Chunk             |     2 |     7 |    19 ||    28
       Fruit             |       |     2 |     1 ||     3
       Bread ration      |       |       |     3 ||     3
       Meat ration       |       |       |     2 ||     2
       Pizza             |       |       |     2 ||     2
Armor: Scale mail        |    81 |   159 |   444 ||   684
       Chain mail        |       |       |    16 ||    16
       Plate armour      |       |       |     5 ||     5
Dodge: Dodged            |    56 |   163 |   503 ||   722
